 Dungeon Crawl Stone Soup version 0.26.1-2-gb8aa6d0cf2 (webtiles) character file.

Game seed: 8907147544233536128

2572717 kuzco6543 the Sorcerer (level 27, 163/180 HPs)
             Began as a Deep Elf Air Elementalist on Feb 27, 2021.
             Was the Champion of Vehumet.
             Escaped with the Orb
             ... and 5 runes on Mar 2, 2021!
             The game lasted 08:09:35 (103504 turns).

kuzco6543 the Sorcerer (DEAE)                     Turns: 103504, Time: 08:09:35

Health: 163/180    AC: 28    Str: 15    XL:     27
Magic:  58/58      EV: 16    Int: 33    God:    Vehumet [******]
Gold:   3970       SH: 20    Dex: 15    Spells: 16/78 levels left

rFire    + + .     SeeInvis +   D - +8 trident of the Octopus King {venom, rElec rPois Will+}
rCold    . . .     Faith    .   r - +3 kite shield
rNeg     + + +     Spirit   .   p - +5 pearl dragon scales
rPois    +         Reflect  .   (no helmet)
rElec    +         Harm     .   A - +1 cloak of Carved Fun {rPois Str+5 Dex+4}
rCorr    .         Rampage  .   R - +2 pair of gloves of Catatonia {*Drain +Blink +Inv Regen+}
Will     ++++.                  o - +0 pair of boots
Stlth    +.........             P - amulet of magic regeneration
HPRegen  0.80/turn              M - ring of Paup {MP+9 Int+4 SInv}
MPRegen  0.61/turn              U - ring of Souv {rF+ rN++ Will+}

@: hasted, studying Short Blades, very quick
A: large bone plates 1, thin metallic scales 1, clumsy 2, fire resistance 1, low
mp 1, sturdy frame 1
0: Orb of Zot
}: 5/15 runes: serpentine, barnacled, slimy, silver, abyssal
a: Renounce Religion, Evoke Blink, Evoke Invisibility


You escaped.
You worshipped Vehumet.
Vehumet was exalted by your worship.
You visited 11 branches of the dungeon, and saw 55 of its levels.
You visited the Abyss 2 times.
You also visited: Trove, Sewer, Gauntlet and Ice Cave.

You collected 9014 gold pieces.
You spent 5044 gold pieces at shops.

Inventory:

Hand Weapons
 D - the +8 trident of the Octopus King (weapon) {venom, rElec rPois Will+}
   (You found it on level 3 of the Elven Halls)

   It poisons the flesh of those it strikes.
   It insulates you from electricity.
   It protects you from poison.
   It affects your willpower, your defense against some magical effects.
Armour
 o - a +0 pair of boots (worn)
 p - +5 pearl dragon scales (worn)
 r - a +3 kite shield (worn)
 A - the +1 cloak of Carved Fun (worn) {rPois Str+5 Dex+4}
   (You found it on level 5 of the Realm of Zot)

   It affects your strength (+5).
   It affects your dexterity (+4).
   It protects you from poison.
 O - a +2 cloak of preservation
 R - the +2 pair of gloves of Catatonia (worn) {*Drain +Blink +Inv Regen+}
   (You found it in a Gauntlet)

   It lets you turn invisible.
   It lets you blink.
   It increases your rate of regeneration.
   It causes draining when unequipped.
 W - the +0 cloak of the Armoured One {Regen+ Str+3}
   (You found it on level 4 of the Shoals)

   It affects your strength (+3).
   It increases your rate of regeneration.
Magical Staves
 g - an uncursed staff of air
Jewellery
 h - the ring "Comothiot" {rElec Int+6 Dex-4 Stlth+}
   (You found it on level 3 of the Realm of Zot)

   [ring of intelligence]

   It affects your intelligence (+6).
   It affects your dexterity (-4).
   It insulates you from electricity.
   It makes you more stealthy.
 w - the ring "Gaewyim" {rC++ Str+2 Int+4 Dex+6 Slay+5}
   (You took it off a deep elf sorcerer on level 3 of the Elven Halls)

   [ring of dexterity]

   It affects your strength (+2).
   It affects your intelligence (+4).
   It affects your dexterity (+6).
   It affects your accuracy and damage with ranged weapons and melee attacks
   (+5).
   It greatly protects you from cold.
 x - an uncursed ring of flight
 G - an uncursed amulet of reflection
 M - the ring of Paup (left hand) {MP+9 Int+4 SInv}
   (You found it on level 4 of the Depths)

   [ring of magical power]

   It affects your intelligence (+4).
   It affects your magic capacity (+9).
   It lets you see invisible.
 P - an amulet of magic regeneration (around neck)
 U - the ring of Souv (right hand) {rF+ rN++ Will+}
   (You found it on level 2 of the Depths)

   [ring of willpower]

   It protects you from fire.
   It greatly protects you from negative energy.
   It affects your willpower, your defense against some magical effects.
 V - an uncursed ring of protection from fire
Wands
 b - a wand of iceblast (43)
 y - a wand of digging (23)
 N - a wand of acid (27)
Scrolls
 c - 4 scrolls of teleportation
 e - 34 scrolls of remove curse
 f - 2 scrolls of brand weapon
 j - 4 scrolls of fog
 n - 4 scrolls of silence
 z - 9 scrolls of enchant weapon
 E - 9 scrolls of magic mapping
 F - 3 scrolls of summoning
 H - 2 scrolls of holy word
 J - a scroll of enchant armour
 L - 8 scrolls of immolation
Potions
 a - 2 potions of magic
 d - 6 potions of invisibility
 q - 9 potions of might
 s - 8 potions of brilliance
 t - 3 potions of heal wounds
 u - 18 potions of flight
 v - 3 potions of haste
 B - 11 potions of lignification
 C - 22 potions of curing
 Q - a potion of berserk rage
 S - 3 potions of resistance
 Y - 2 potions of ambrosia
 Z - 5 potions of cancellation
Books
 X - a manual of Short Blades
Miscellaneous
 l - a phantom mirror
 m - a condenser vane
 I - a tin of tremorstones (2/2)
 K - a phial of floods
 T - a box of beasts


   Skills:
 * Level 20.5 Fighting
 - Level 10.5 Polearms
 - Level 0.4(8.7) Staves
 - Level 10.1 Armour
 - Level 9.6 Dodging
 - Level 2.4 Stealth
 - Level 15.0 Shields
 + Level 26.2 Spellcasting
 + Level 23.4 Conjurations
 - Level 10.5 Summonings
 - Level 5.0 Necromancy
 - Level 2.4 Translocations
 - Level 0.8 Transmutations
 - Level 2.4 Ice Magic
 + Level 24.6 Air Magic


You had 16 spell levels left.
You knew the following spells:

 Your Spells              Type           Power        Failure   Level
a - Chain Lightning       Conj/Air       58%          1%          8
b - Swiftness             Air            100%         0%          2
c - Airstrike             Air            58%          0%          4
d - Orb of Destruction    Conj           57%          1%          7
e - Apportation           Tloc           100%         1%          1
f - Freezing Cloud        Conj/Ice/Air   50%          1%          6
g - Ozocubu's Refrigerat  Ice            28%          19%         6
h - Tornado               Air            58%          1%          9
i - Sublimation of Blood  Necr           33%          1%          2
j - Malign Gateway        Summ/Tloc      36%          61%         7
l - Iron Shot             Conj/Erth      44%          1%          6
m - Iskenderun's Mystic   Conj/Tloc      91%          1%          4

Your spell library contained the following spells:

 Spells                   Type           Power        Failure   Level
 Shatter                  Erth           21%          100%        9
 Foxfire                  Conj/Fire      100%         0%          1
 Magic Dart               Conj           100%         0%          1
 Shock                    Conj/Air       100%         0%          1
 Corpse Rot               Necr/Air       N/A          0%          2
 Poisonous Vapours        Pois/Air       100%         0%          2
 Searing Ray              Conj           100%         0%          2
 Mephitic Cloud           Conj/Pois/Air  99%          0%          3
 Static Discharge         Conj/Air       100%         0%          3
 Summon Lightning Spire   Summ/Air       100%         0%          4
 Iskenderun's Battlesphe  Conj           100%         0%          5
 Lightning Bolt           Conj/Air       58%          0%          5
 Conjure Ball Lightning   Conj/Air       58%          0%          6
 Animate Skeleton         Necr           100%         1%          1
 Beastly Appendage        Tmut           96%          1%          1
 Corona                   Hex            47%          1%          1
 Freeze                   Ice            100%         1%          1
 Pain                     Necr           100%         1%          1
 Sandblast                Erth           86%          1%          1
 Summon Small Mammal      Summ           100%         1%          1
 Blink                    Tloc           N/A          1%          2
 Call Imp                 Summ           85%          1%          2
 Ensorcelled Hibernation  Hex/Ice        100%         1%          2
 Passwall                 Tmut/Erth      37%          1%          2
 Slow                     Hex            43%          1%          2
 Wereblood                Tmut           48%          1%          2
 Call Canine Familiar     Summ           85%          1%          3
 Conjure Flame            Conj/Fire      88%          1%          3
 Dazzling Flash           Conj/Hex       100%         1%          3
 Frozen Ramparts          Ice            100%         1%          3
 Gell's Gravitas          Tloc           28%          1%          3
 Inner Flame              Hex/Fire       43%          1%          3
 Ozocubu's Armour         Ice            56%          1%          3
 Stone Arrow              Conj/Erth      100%         1%          3
 Summon Guardian Golem    Hex/Summ       67%          1%          3
 Vampiric Draining        Necr           33%          1%          3
 Dispel Undead            Necr           66%          1%          4
 Fulminant Prism          Conj/Hex       44%          1%          4
 Hailstorm                Conj/Ice       91%          1%          4
 Sticky Flame             Conj/Fire      88%          1%          4
 Summon Ice Beast         Ice/Summ       72%          1%          4
 Bolt of Magma            Conj/Fire/Erth 38%          1%          5
 Fireball                 Conj/Fire      44%          1%          5
 Irradiate                Conj/Tmut      44%          1%          5
 Summon Demon             Summ           42%          1%          5
 Starburst                Conj/Fire      44%          1%          6
 Spellforged Servitor     Conj/Summ      50%          1%          7
 Portal Projectile        Hex/Tloc       100%         2%          3
 Summon Forest            Summ/Tloc      36%          2%          5
 Shadow Creatures         Summ           N/A          2%          6
 Spider Form              Tmut/Pois      22%          3%          3
 Confusing Touch          Hex            43%          4%          3
 Tukima's Dance           Hex            43%          4%          3
 Passage of Golubria      Tloc           N/A          4%          4
 Agony                    Necr           66%          4%          5
 Excruciating Wounds      Necr           33%          4%          5
 Summon Mana Viper        Hex/Summ       67%          4%          5
 Ice Form                 Ice/Tmut       52%          7%          4
 Yara's Violent Unravell  Hex/Tmut       22%          9%          5
 Petrify                  Tmut/Erth      45%          11%         4
 Lee's Rapid Deconstruct  Erth           21%          11%         5
 Cause Fear               Hex            21%          13%         4
 Leda's Liquefaction      Hex/Erth       21%          13%         4
 Monstrous Menagerie      Summ           42%          16%         7
 Summon Greater Demon     Summ           42%          16%         7
 Summon Hydra             Summ           42%          16%         7
 Metabolic Englaciation   Hex/Ice        25%          22%         5
 Blade Hands              Tmut           24%          26%         5
 Simulacrum               Ice/Necr       30%          41%         6
 Haunt                    Necr/Summ      38%          43%         7
 Summon Horrible Things   Summ           42%          75%         8
 Hydra Form               Tmut           24%          82%         6
 Statue Form              Tmut/Erth      30%          86%         6
 Invisibility             Hex            43%          90%         6
 Dragon Form              Tmut           24%          100%        7
 Borgnjor's Revivificati  Necr           33%          100%        8
 Infestation              Necr           33%          100%        8
 Necromutation            Tmut/Necr      29%          100%        8
 Death's Door             Necr           33%          100%        9
 Dragon's Call            Summ           42%          100%        9


Dungeon Overview and Level Annotations

Branches:
Dungeon (15/15)            Temple (1/1) D:6            Lair (6/6) D:10
 Shoals (4/4) Lair:2        Snake (4/4) Lair:4        Slime (5/5) Lair:5
    Orc (2/2) D:9             Elf (3/3) Orc:2        Vaults (5/5) D:13
  Crypt (0/3) Vaults:2     Depths (5/5) D:15            Zot (5/5) Depths:5
  Sewer (visited)           IceCv (visited)         Gauntlet (visited)

Altars:
Ashenzari
Cheibriados
Elyvilon
Kikubaaqudgha
Makhleb
Nemelex Xobeh
Ru
Sif Muna
Trog
Uskayaw
Vehumet
Wu Jian
Xom
Yredelemnul
Zin
The Shining One
Beogh

Shops:
D:8 =*   D:15 [[*   Orc:2 [[((   Elf:3 }}=   Snake:3 *   Vaults:1 *
Vaults:3 }   Vaults:4 :   Depths:1 *   Depths:2 [   Depths:5 *

Portals:
Hell: Depths:1 Depths:2 Depths:3 Depths:4 Depths:5
Abyss: Snake:2 Zot:2 Depths:1 Depths:4 Depths:5
Pandemonium: Depths:3
Ziggurat: Depths:5

Annotations:
D:9 exclusion: downstairs
D:11 exclusion: door
D:12 exclusion: downstairs
D:14 exclusion: downstairs
D:15 Roxanne
Shoals:2 exclusion: 2 downstairs
Shoals:3 exclusion: downstairs
Shoals:4 exclusion: door
Snake:2 2 transporters, Liforeniyw's ghost, adept MiBe
Snake:3 exclusion: downstairs
Elf:2 5 runed translucent doors
Depths:3 exclusion: downstairs
Depths:4 2 runed translucent doors
Zot:2 2 transporters, exclusion: downstairs, Wiorrypn's ghost, legendary DsFi
Zot:3 Boris


Innate Abilities, Weirdness & Mutations

You are partially covered in large bone plates. (SH +4)
You are partially covered in thin metallic scales. (AC +2)
You are very clumsy. (Dex -4)
Your flesh is heat resistant. (rF+)
Your magical capacity is low. (-10% MP)
Your movements are slightly less encumbered by armour. (ER -2)


Message History

You open the door.
There is an open door here.
There is a staircase leading out of the dungeon here.
Really quaff the potion of mutation? [Y]es or [N]o only, please.
Really quaff the potion of mutation?
You feel extremely strange.
You feel weaker.
Your thinking seems confused.
You feel more energetic.
Your vision blurs.
You begin to heal more quickly.
You feel resistant to heat.
Really quaff the potion of mutation? [Y]es or [N]o only, please.
Really quaff the potion of mutation?
You feel extremely strange.
You feel clever.
Your large bone plates disappear.
Your vision sharpens.
Thin metallic scales grow over part of your body.
Really quaff the potion of mutation?
You feel extremely strange.
You feel robust.
Your rate of healing slows.
You feel less energetic.
Large bone plates grow over parts of your arms.
You have escaped!

♣♣♣♣♣♣♣♣♣♣♣###
♣@.........'.#
♣...♣♣♣♣♣.♣#.#
♣....♣P♣♣.♣#.#
♣.♣....P♣.♣#.#
♣.♣P.⌠....♣#.#
♣.♣♣....♣♣♣#.#
♣.♣PP..♣♣ #.#
♣6♣♣♣.♣♣ #.#
♣.P.PP♣
#.#####


You could see a torturous demonspawn.

Vanquished Creatures
  the Royal Jelly (Slime:5)
  The ghost of Raspi the Slayer, a legendary MiFi of Okawaru (Zot:5)
  Mara (Vaults:2)
  13 orbs of fire
  2 juggernauts
  The ghost of Jaiteiro the Slayer, a master MiGl of the Shining One (Zot:5)
  8 ancient liches
  The ghost of Amaterasu the Shatterer, a legendary GrFi of Nemelex Xobeh (Zot:5)
  Sojobo (Vaults:3)
  2 Killer Klowns (Zot:5)
  Boris (Depths:4)
  3 curse toes
  13 golden dragons
  3 caustic shrikes (Depths:1)
  A pearl dragon (Depths:3)
  A bone dragon (Abyss:2)
  A Brimstone Fiend (Depths:5)
  6 liches
  A hellephant (Abyss:3)
  5 electric golems
  23 tentacled monstrosities
  An Ice Fiend (Depths:5)
  2 deep elf blademasters (Elf:3)
  Rupert (Vaults:3)
  25 Orb Guardians (Zot:5)
  19 acid blobs
  6 quicksilver dragons
  2 deep elf master archers (Elf:3)
  Asterion (Depths:2)
  2 krakens (Shoals:4)
  5 tentacled starspawn
  4 sphinxes
  5 titans
  9 death cobs
  4 Executioners
  Polyphemus (Shoals:3)
  7 tengu reavers
  10 draconian monks
  12 shadow dragons
  11 storm dragons
  Donald (Elf:2)
  8 azure jellies
  3 nagarajas (Snake:4)
  A daeva (Abyss:3)
  7 fire giants
  14 frost giants
  2 iron dragons (Vaults:5)
  3 draconian scorchers
  14 vault wardens
  7 draconian knights
  2 orc warlords
  Louise (D:14)
  3 balrugs
  5 deep elf sorcerers
  9 draconian shifters
  4 ghost moths
  Aizul (Vaults:2)
  A cacodemon (Abyss:3)
  5 draconian stormcallers
  4 spriggan defenders
  6 deep elf elementalists
  17 stone giants
  An angel (Depths:5)
  13 very ugly things
  20 ironheart preservers
  A war gargoyle (Vaults:5)
  An ophan (Depths:3)
  6 draconian annihilators
  Nessos (D:15)
  An apis (Depths:3)
  A vampire knight (Vaults:3)
  15 green draconians
  11 deep elf annihilators
  9 deep elf demonologists
  2 pale draconians (Depths:5)
  9 purple draconians
  4 spark wasps
  2 lorocyprocas
  11 black draconians
  8 red draconians
  A minotaur (Gauntlet)
  6 yellow draconians
  17 white draconians
  3 eidola
  7 deep elf death magi
  A green death (Depths:3)
  6 blizzard demons
  8 ettins
  Snorg (D:14)
  2 crystal guardians
  6 merfolk javelineers
  6 death oozes (Slime:5)
  10 merfolk impalers
  Josephine (D:10)
  8 fire dragons
  Fannar (Orc:1)
  8 yaktaur captains
  19 ogre magi
  6 deep elf high priests
  15 naga warriors
  13 great orbs of eyes
  31 vault guards
  5 rakshasas
  14 ice dragons
  8 boulder beetles
  A hydra (shapeshifter) (Elf:1)
  3 spriggan air magi
  A hell beast (Elf:3)
  14 hydras
  8 anacondas
  2 satyrs (Shoals:4)
  A death knight (Vaults:4)
  6 catoblepae
  A merfolk aquamancer (Shoals:3)
  7 alligator snapping turtles
  53 two-headed ogres
  A death yak (shapeshifter) (Vaults:5)
  16 centaur warriors
  A death scarab (Gauntlet)
  2 deep troll earth magi
  19 death yaks
  6 deep troll shamans
  7 dancing weapons
  5 hell hogs
  5 tengu warriors
  14 hell knights
  4 spriggan berserkers
  13 thrashing horrors
  17 naga sharpshooters
  2 vampire magi
  Urug (D:10)
  2 orc high priests
  Nergalle (Lair:4)
  12 shock serpents
  20 deep elf knights
  The ghost of antidepressant22 the Cleaver, a novice MiCK of Xom (D:7)
  5 wretched stars
  2 sixfirhies (Abyss:3)
  6 flayed ghosts
  5 salamander mystics
  A deep troll (shapeshifter) (Vaults:5)
  22 skeletal warriors
  A soul eater (Depths:1)
  2 spatial maelstroms (Abyss:3)
  2 iron trolls (Depths:3)
  18 sea snakes
  A storm dragon skeleton (Vaults:2)
  A shadow wraith (Abyss:3)
  5 unseen horrors
  A torturous demonspawn (D:9)
  2 glowing orange brains
  An infernal demonspawn (Depths:3)
  6 phantasmal warriors
  3 swamp dragons (Depths:5)
  12 deep trolls
  20 harpies
  The ghost of JazCRAWL the Basher, a novice NaFi of Cheibriados (D:6)
  8 wizards
  11 ironbrand convokers
  5 naga ritualists
  21 deep elf archers
  16 orc knights
  8 necromancers
  72 deep elf magi
  3 wolf spiders
  Pikel (D:5)
  3 sphinx skeletons
  8 oklob plants
  8 orc sorcerers
  A wolf spider zombie (D:15)
  A fire giant zombie (D:15)
  A will-o-the-wisp (Abyss:2)
  A shining eye (Slime:5)
  5 fauns
  6 worldbinders
  58 ugly things
  11 mana vipers
  12 cyclopes
  22 manticores
  A moth of wrath (shapeshifter) (Vaults:5)
  7 salamanders
  A cyclops (shapeshifter) (Vaults:5)
  16 elephants
  Maurice (Orc:1)
  16 naga magi
  2 rust devils (D:6)
  9 water nymphs
  A stone giant skeleton (Vaults:2)
  37 moths of wrath
  A centaur zombie (D:11)
  18 vault sentinels
  A frost giant skeleton (Vaults:2)
  2 ice statues (IceCv)
  9 smoke demons
  28 black mambas
  A torpor snail (Lair:5)
  A black mamba (shapeshifter) (Vaults:2)
  4 gargoyles
  20 cane toads
  An eye of devastation (Abyss:2)
  8 guardian serpents
  6 centaur skeletons
  2 kobold demonologists
  A cane toad (shapeshifter) (Vaults:1)
  2 elf zombies
  40 yaktaurs
  2 hellions (Depths:5)
  2 efreet
  A yaktaur (shapeshifter) (Vaults:2)
  4 hellwings
  3 rime drakes
  An ice devil (Depths:3)
  7 freezing wraiths
  9 komodo dragons
  5 tengu conjurers
  7 trolls
  8 ancient zymes
  2 yaktaur skeletons (Vaults:2)
  4 red devils (Depths:1)
  Grinder (D:6)
  5 polar bears
  4 wind drakes
  3 hornets (shapeshifter)
  5 hornets
  26 merfolk
  The ghost of Nebesus the Bolt Thrower, an amateur FoHu (D:6)
  An ice dragon zombie (D:15)
  16 raiju
  14 blink frogs
  82 slime creatures
  14 dream sheep
  16 snapping turtles
  A spectral black mamba (Gauntlet)
  2 ettin skeletons (Vaults:2)
  A flying skull (Abyss:3)
  Sigmund (D:6)
  5 air elementals
  A tarantella (shapeshifter) (Depths:3)
  14 water elementals
  2 vampires
  6 spriggans
  5 ynoxinuls
  A spriggan (shapeshifter) (Vaults:1)
  A fire bat (Abyss:3)
  6 wraiths
  2 fire elementals
  9 wyverns
  104 yaks
  7 vampire mosquitoes
  3 golden eyes
  9 basilisks
  2 chaos spawn (Abyss:3)
  7 neqoxecs
  3 steam dragons (Depths:5)
  12 small abominations
  17 large abominations
  49 nagas
  7 wargs
  2 acid dragons
  A water moccasin (shapeshifter) (Vaults:4)
  2 soldier ants
  18 water moccasins
  17 hell hounds
  19 ice beasts
  2 floating eyes
  An ice beast (shapeshifter) (Depths:4)
  52 orc warriors
  3 sky beasts
  9 eyes of draining
  3 boggarts (Depths:4)
  3 black bears
  25 starcursed masses
  3 necrophages
  44 ogres
  23 centaurs
  14 wolves
  4 human skeletons (Vaults:2)
  5 big kobolds
  Blork the orc (D:5)
  32 bullfrogs
  3 earth elementals
  An ogre simulacrum (Vaults:1)
  A gnoll sergeant (D:7)
  3 scorpions
  21 killer bees
  3 howler monkeys
  15 wights
  An electric eel (Lair:3)
  11 crimson imps
  3 bullfrog zombies
  2 quasits (Abyss:3)
  4 jellies
  37 orc wizards
  Crazy Yiuf (D:7)
  12 hounds
  4 human zombies (D:7)
  35 orc priests
  2 bullfrog skeletons
  A gnoll shaman (D:7)
  4 iguanas
  3 iron imps
  5 merfolk sirens
  17 hell rats
  5 lightning spires (Abyss:3)
  7 merfolk avatars
  10 worker ants
  An ogre zombie (D:7)
  A hound skeleton (D:4)
  A howler monkey zombie (D:7)
  5 mummies (D:7)
  9 gnolls
  17 adders
  7 river rats
  A shadow imp (Abyss:3)
  11 white imps
  5 ufetubi
  2 adder zombies
  3 oozes
  5 worms
  3 dart slugs
  8 leopard geckos
  141 orcs
  9 bats
  10 giant cockroaches
  12 goblins
  7 hobgoblins
  7 jackals
  21 kobolds
  11 quokkas
  4 ball pythons (D:1)
  8 frilled lizards
  A jackal skeleton (D:8)
  A leopard gecko skeleton (D:8)
  An orc skeleton (D:7)
  42 rats
  26 bushes (Zot:1)
  A crawling corpse (Vaults:5)
  A plant (Depths:5)
  2 starspawn tentacles
  5 tentacles (Shoals:4)
2937 creatures vanquished.

Vanquished Creatures (collateral kills)
  3 ball lightnings
3 creatures vanquished.

Vanquished Creatures (others)
  A draconian knight (Vaults:3)
  An ironheart preserver (Vaults:5)
  A thrashing horror (Abyss:3)
  A basilisk (shapeshifter) (Abyss:2)
  An earth elemental (Elf:2)
  An orc (Orc:1)
  160 ball lightnings
  3 bushes
  6 demonic plants (Abyss:3)
  4 foxfires (Abyss:2)
  70 fungi
  A lurking horror (Abyss:3)
  225 plants
  20 starspawn tentacles
  6 tentacles (Shoals:4)
  8 withered plants
509 creatures vanquished.

Grand Total: 3449 creatures vanquished

Notes
Turn   | Place    | Note
-------+----------+-------------------------------------------
     0 | D:1      | kuzco6543 the Deep Elf Air Elementalist began the quest for
                  | the Orb.
     0 | D:1      | Reached XP level 1. HP: 10/10 MP: 6/6
   161 | D:1      | Reached XP level 2. HP: 13/15 MP: 1/8
   233 | D:1      | Learned a level 2 spell: Swiftness
   683 | D:1      | Reached XP level 3. HP: 19/19 MP: 5/9
  1142 | D:2      | Found a burning altar of Makhleb.
  1827 | D:2      | Reached XP level 4. HP: 24/24 MP: 9/11
  2479 | D:2      | Learned a level 3 spell: Static Discharge
  2611 | D:2      | Learned a level 4 spell: Airstrike
  2774 | D:3      | Reached skill level 4 in Spellcasting
  3041 | D:3      | Reached XP level 5. HP: 28/28 MP: 11/13
  3638 | D:3      | Found a sparkling altar of Nemelex Xobeh.
  3738 | D:4      | Noticed an ogre
  3740 | D:4      | Killed an ogre
  3741 | D:4      | Reached skill level 5 in Air Magic
  3828 | D:4      | Found a radiant altar of Vehumet.
  3841 | D:4      | Reached skill level 5 in Spellcasting
  3841 | D:4      | Reached XP level 6. HP: 25/32 MP: 5/15
  3978 | D:4      | Became a worshipper of Vehumet
  4581 | D:4      | Found an ornate altar of the Wu Jian Council.
  4995 | D:4      | Found an ancient bone altar of Kikubaaqudgha.
  5002 | D:4      | Found a shimmering blue altar of Sif Muna.
  5008 | D:4      | Identified Sif Muna's Incunabulum of the Voyage
  5506 | D:5      | Entered Level 5 of the Dungeon
  5595 | D:5      | Found a bloodstained altar of Trog.
  5638 | D:5      | Reached XP level 7. HP: 36/36 MP: 8/17
  5716 | D:5      | Reached skill level 6 in Spellcasting
  6071 | D:5      | Found a glowing golden altar of the Shining One.
  6384 | D:5      | Noticed Pikel
  6386 | D:5      | Noticed Blork the orc
  6387 | D:5      | Killed Pikel
  6388 | D:5      | Reached skill level 7 in Spellcasting
  6388 | D:5      | Reached XP level 8. HP: 44/44 MP: 6/21
  6402 | D:5      | Killed Blork the orc
  6505 | D:5      | Learned a level 5 spell: Lightning Bolt
  6532 | D:5      | Found a broken altar of Ashenzari.
  7231 | D:6      | Reached * piety under Vehumet
  7231 | D:6      | Offered knowledge of Sandblast by Vehumet.
  7458 | D:6      | Reached skill level 8 in Spellcasting
  7460 | D:6      | Found a staircase to the Ecumenical Temple.
  7580 | D:6      | Found a glowing drain.
  7603 | Sewer    | Entered a sewer
  7753 | Sewer    | Offered knowledge of Searing Ray by Vehumet.
  7767 | Sewer    | Reached ** piety under Vehumet
  8371 | D:6      | Found a runed translucent gate.
  8371 | D:6      | Found a runed translucent gate.
  8371 | D:6      | Found a runed translucent gate.
  8374 | D:6      | Noticed Nebesus's ghost (amateur FoHu)
  8374 | D:6      | Noticed JazCRAWL's ghost (novice NaFi)
  8441 | D:6      | Noticed Grinder
  8445 | D:6      | Killed Grinder
  8446 | D:6      | Reached XP level 9. HP: 50/50 MP: 8/23
  8690 | D:6      | Found a snail-covered altar of Cheibriados.
  8755 | D:6      | Got an encrusted long sword
  8758 | Temple   | Entered the Ecumenical Temple
  9119 | D:7      | Found a runed translucent door.
  9120 | D:7      | Noticed Crazy Yiuf
  9125 | D:7      | Killed Crazy Yiuf
  9257 | D:7      | Offered knowledge of Inner Flame by Vehumet.
  9535 | D:7      | Found a bloodstained altar of Trog.
  9535 | D:7      | Noticed antidepressant22's ghost (novice MiCK)
  9535 | D:7      | Noticed a moth of wrath
  9537 | D:7      | Found a transporter.
  9537 | D:7      | Identified the cursed +3 quarterstaff "Wule" {vorpal, rElec
                  | Dex+4}
  9556 | D:7      | Found a transporter.
  9955 | D:7      | Reached *** piety under Vehumet
 10215 | D:7      | Found a basalt altar of Yredelemnul.
 10321 | D:7      | Reached skill level 9 in Spellcasting
 10327 | D:7      | Reached skill level 5 in Conjurations
 10543 | D:7      | Found a sacrificial altar of Ru.
 10673 | D:8      | Found Nuenul's Assorted Antiques.
 10715 | D:8      | Got a slimy dagger
 10733 | D:8      | Bought a scroll of identify for 68 gold pieces
 10733 | D:8      | Identified the cursed +3 long sword "Esufum" {antimagic,
                  | rPois Dex+2} (You found it on level 6 of the Dungeon)
 11199 | D:8      | Reached skill level 10 in Air Magic
 11244 | D:8      | Found Zaskus's Jewellery Shop.
 11491 | D:8      | Offered knowledge of Iskenderun's Mystic Blast by Vehumet.
 12226 | D:9      | Found a staircase to the Orcish Mines.
 12254 | D:9      | Found a roughly hewn altar of Beogh.
 12260 | D:9      | Reached XP level 10. HP: 57/57 MP: 6/25
 12562 | D:9      | Reached **** piety under Vehumet
 12569 | D:9      | Offered knowledge of Fireball by Vehumet.
 12776 | D:9      | Reached skill level 1 in Shields
 12854 | D:9      | Noticed a deep elf mage
 12856 | D:9      | Killed a deep elf mage
 12857 | D:9      | Reached skill level 10 in Spellcasting
 12866 | D:9      | Noticed a centaur warrior
 13244 | D:9      | Killed a centaur warrior
 13490 | D:9      | Reached skill level 5 in Fighting
 13988 | D:9      | Got a smoking dagger
 14043 | D:10     | Entered Level 10 of the Dungeon
 14064 | D:10     | Noticed a death yak
 14066 | D:10     | Noticed a death yak
 14069 | D:10     | Killed a death yak
 14069 | D:10     | Killed a death yak
 14070 | D:10     | Reached XP level 11. HP: 64/64 MP: 11/27
 14128 | D:10     | Noticed Josephine
 14132 | D:10     | Killed Josephine
 14133 | D:10     | Reached skill level 11 in Spellcasting
 14134 | D:10     | Reached ***** piety under Vehumet
 14139 | D:9      | Offered knowledge of Bolt of Magma by Vehumet.
 14555 | D:10     | Noticed a two-headed ogre
 14668 | D:10     | Found a staircase to the Lair.
 14768 | D:10     | Noticed a death yak
 14812 | D:10     | Killed a death yak
 14898 | D:10     | Killed a two-headed ogre
 15181 | Lair:1   | Entered Level 1 of the Lair of Beasts
 15500 | Lair:1   | Noticed a four-headed hydra
 15820 | Lair:1   | Killed a four-headed hydra
 15821 | Lair:1   | Reached skill level 1 in Armour
 15821 | Lair:1   | Reached XP level 12. HP: 71/71 MP: 26/29
 16819 | Lair:2   | Reached skill level 12 in Spellcasting
 16831 | Lair:2   | Found a staircase to the Shoals.
 17039 | Lair:2   | Found a basalt altar of Yredelemnul.
 17342 | Lair:2   | Noticed a six-headed hydra
 17347 | Lair:2   | Killed a six-headed hydra
 18698 | Lair:3   | Noticed a five-headed hydra
 18703 | Lair:3   | Killed a five-headed hydra
 19450 | Lair:3   | Noticed a five-headed hydra
 19454 | Lair:3   | Killed a five-headed hydra
 19455 | Lair:3   | Reached XP level 13. HP: 76/76 MP: 17/31
 19921 | Lair:4   | Learned a level 1 spell: Apportation
 20285 | Lair:4   | Noticed Nergalle
 20291 | Lair:4   | Killed Nergalle
 20565 | Lair:4   | Reached skill level 13 in Spellcasting
 20593 | Lair:4   | Found a staircase to the Snake Pit.
 21052 | Lair:5   | Reached skill level 10 in Conjurations
 21209 | Lair:5   | Found a staircase to the Slime Pits.
 21550 | Lair:5   | Offered knowledge of Hailstorm by Vehumet.
 22236 | Lair:6   | Entered Level 6 of the Lair of Beasts
 22408 | Lair:6   | Reached skill level 5 in Armour
 22859 | Lair:6   | Reached skill level 15 in Air Magic
 22906 | Lair:6   | Reached XP level 14. HP: 75/84 MP: 14/33
 23336 | Lair:6   | Reached skill level 14 in Spellcasting
 24454 | Lair:6   | Offered knowledge of Irradiate by Vehumet.
 25906 | D:6      | Killed JazCRAWL's ghost
 25908 | D:6      | Killed Nebesus's ghost
 26021 | D:6      | Noticed Sigmund
 26028 | D:6      | Killed Sigmund
 26291 | D:10     | Found a broken altar of Ashenzari.
 26525 | D:10     | Noticed Urug
 26530 | D:10     | Killed Urug
 26530 | D:10     | Offered knowledge of Conjure Ball Lightning by Vehumet.
 26538 | D:10     | Learned a level 6 spell: Conjure Ball Lightning
 27387 | D:11     | Reached ****** piety under Vehumet
 27533 | D:11     | Reached XP level 15. HP: 90/90 MP: 12/35
 28179 | D:12     | Found a portal to a secret trove of treasure.
 28821 | D:13     | Reached skill level 15 in Spellcasting
 29042 | D:13     | Found a frozen archway.
 29054 | D:13     | Offered knowledge of Ozocubu's Refrigeration by Vehumet.
 29136 | IceCv    | Entered an ice cave
 31328 | D:12     | Learned a level 6 spell: Ozocubu's Refrigeration
 31471 | D:8      | Bought a graven book for 510 gold pieces
 31471 | D:8      | Bought a scroll of teleportation for 102 gold pieces
 31563 | Orc:1    | Entered Level 1 of the Orcish Mines
 31570 | Orc:1    | Noticed an orc warlord
 31581 | Orc:1    | Killed an orc warlord
 31582 | Orc:1    | Reached skill level 1 in Ice Magic
 31614 | Orc:1    | Noticed Fannar
 31624 | Orc:1    | Noticed Maurice
 31627 | Orc:1    | Killed Fannar
 31630 | Orc:1    | Killed Maurice
 32018 | Orc:1    | Found a roughly hewn altar of Beogh.
 32330 | Orc:2    | Entered Level 2 of the Orcish Mines
 32440 | Orc:2    | Found a roughly hewn altar of Beogh.
 32614 | Orc:2    | Found a roughly hewn altar of Beogh.
 32617 | Orc:2    | Offered knowledge of Iskenderun's Battlesphere by Vehumet.
 32847 | Orc:2    | Found a roughly hewn altar of Beogh.
 33173 | Orc:2    | Found a roughly hewn altar of Beogh.
 33241 | Orc:2    | Found a roughly hewn altar of Beogh.
 33334 | Orc:2    | Found Ramax's Antique Armour Shop.
 33406 | Orc:2    | Reached skill level 10 in Fighting
 33441 | Orc:2    | Offered knowledge of Iron Shot by Vehumet.
 33531 | Orc:2    | Found a staircase to the Elven Halls.
 33577 | Orc:2    | Found a roughly hewn altar of Beogh.
 33756 | Orc:2    | Found a roughly hewn altar of Beogh.
 33757 | Orc:2    | Found Ameiklish's Weapon Shoppe.
 34063 | Orc:2    | Noticed an orc warlord
 34087 | Orc:2    | Killed an orc warlord
 34149 | Orc:2    | Found Honyifusux's Antique Weapon Shoppe.
 34150 | Orc:2    | Found a roughly hewn altar of Beogh.
 34153 | Orc:2    | Found Tuucregg's Antique Armour Emporium.
 34212 | Orc:2    | Bought a glowing scarf for 240 gold pieces
 34212 | Orc:2    | Bought a pair of translucent boots for 285 gold pieces
 34212 | Orc:2    | Bought a spiked helmet for 285 gold pieces
 34218 | Orc:2    | Identified the cursed +0 pair of boots of Dice, Bag, and
                  | Bottle {rF- Str+2 Dex+9} (You bought it in a shop on level
                  | 2 of the Orcish Mines)
 34238 | Orc:2    | Identified the +2 helmet "Xufof" {Dex+5} (You bought it in
                  | a shop on level 2 of the Orcish Mines)
 34418 | D:13     | Found a gate to the Vaults.
 34891 | D:8      | Bought an uncursed ring of poison resistance for 300 gold
                  | pieces
 34891 | D:8      | Bought an uncursed amulet of reflection for 450 gold pieces
 35249 | D:14     | Noticed Snorg
 35255 | D:14     | Killed Snorg
 36131 | D:14     | Reached XP level 16. HP: 93/97 MP: 35/37
 36152 | D:14     | Reached skill level 5 in Shields
 37074 | D:14     | Reached skill level 5 in Dodging
 37095 | D:14     | Noticed Louise
 37250 | D:14     | Learned a level 5 spell: Fireball
 37354 | D:14     | Killed Louise
 37936 | D:15     | Entered Level 15 of the Dungeon
 37936 | D:15     | Identified Roxanne's Catalogue of Transformation
 37936 | D:15     | Noticed Roxanne
 37952 | D:15     | Found Joexzuet's Assorted Antiques.
 37959 | D:15     | Found a gate leading to a gauntlet.
 37975 | Gauntlet | Entered a Gauntlet
 37975 | Gauntlet | Found a large runed translucent door.
 37975 | Gauntlet | Found a large runed translucent door.
 37975 | Gauntlet | Found a large runed translucent door.
 37975 | Gauntlet | Found a large runed translucent door.
 37975 | Gauntlet | Found a runed translucent door.
 37975 | Gauntlet | Found a large runed translucent door.
 37975 | Gauntlet | Found a large runed translucent door.
 37975 | Gauntlet | Found a transporter.
 37975 | Gauntlet | Found a transporter.
 37975 | Gauntlet | Found a large runed translucent door.
 37975 | Gauntlet | Found a large runed translucent door.
 37975 | Gauntlet | Found a runed translucent gate.
 37975 | Gauntlet | Found a runed translucent gate.
 37975 | Gauntlet | Found a transporter.
 38039 | Gauntlet | Found a transporter.
 38039 | Gauntlet | Found a transporter.
 38040 | Gauntlet | Found a runed translucent gate.
 38040 | Gauntlet | Found a runed translucent door.
 38044 | Gauntlet | Found a large runed translucent door.
 38044 | Gauntlet | Found a large runed translucent door.
 38053 | Gauntlet | Found a transporter.
 38053 | Gauntlet | Found a transporter.
 38056 | Gauntlet | Found a transporter.
 38056 | Gauntlet | Found a transporter.
 38071 | Gauntlet | Found a transporter.
 38072 | Gauntlet | Found a transporter.
 38128 | Gauntlet | Found a large runed translucent door.
 38128 | Gauntlet | Found a large runed translucent door.
 38131 | Gauntlet | Found a large runed translucent door.
 38131 | Gauntlet | Found a large runed translucent door.
 38132 | Gauntlet | Found a large runed translucent door.
 38133 | Gauntlet | Found a large runed translucent door.
 38170 | Gauntlet | Found a transporter.
 38530 | Gauntlet | Got a brightly glowing marble ring
 38598 | Gauntlet | Identified the ring "Xaxiuvap" {Ice rElec Will+} (You found
                  | it in a Gauntlet)
 38979 | Gauntlet | Got a pair of faintly glowing gloves
 38993 | Gauntlet | Identified the +2 pair of gloves of Catatonia {*Drain
                  | +Blink +Inv Regen+} (You found it in a Gauntlet)
 39005 | Gauntlet | Identified the +10 dire flail of Past Mistakes {elec, rF+
                  | Str+4 Int+3}
 39011 | Gauntlet | Offered knowledge of Shatter by Vehumet.
 39011 | Gauntlet | Offered knowledge of Chain Lightning by Vehumet.
 39011 | Gauntlet | Offered knowledge of Tornado by Vehumet.
 39040 | Gauntlet | Identified the Disquisition on Darkness and the Compass
 39047 | Gauntlet | Got a pitted ring mail
 39057 | Gauntlet | Identified the +4 ring mail "Olaih" {*Contam Will+ MP+9}
                  | (You found it in a Gauntlet)
 39096 | Gauntlet | Learned a level 8 spell: Chain Lightning
 39322 | D:8      | Bought an uncursed ring of wizardry for 450 gold pieces
 39522 | D:15     | Found Zeitaminwu's Antique Armour Boutique.
 39603 | D:15     | Bought a scroll of amnesia for 105 gold pieces
 39603 | D:15     | Bought a scroll of identify for 60 gold pieces
 39603 | D:15     | Bought a scroll of teleportation for 90 gold pieces
 39629 | D:15     | Learned a level 9 spell: Tornado
 39632 | D:15     | Found Raak's Antique Armour Boutique.
 39644 | D:15     | Noticed Nessos
 39648 | D:15     | Killed Nessos
 40062 | D:15     | Found a staircase to the Depths.
 40626 | Snake:1  | Entered Level 1 of the Snake Pit
 40907 | Snake:1  | Reached skill level 16 in Spellcasting
 43102 | Snake:2  | Reached XP level 17. HP: 91/104 MP: 17/39
 43168 | Snake:2  | Found a transporter.
 43207 | Snake:2  | Learned a level 6 spell: Freezing Cloud
 43216 | Snake:2  | Identified the +9 halberd "Ikluduiw" {distort, rElec}
 43221 | Snake:2  | Noticed Liforeniyw's ghost (adept MiBe)
 43273 | Snake:2  | Found a transporter.
 43279 | Snake:2  | Found a one-way gate to the infinite horrors of the Abyss.
 44020 | D:7      | Killed antidepressant22's ghost
 45196 | Snake:3  | Found Kiogeij's General Store.
 45204 | Snake:3  | Bought a scroll of identify for 32 gold pieces
 45534 | Snake:4  | Entered Level 4 of the Snake Pit
 46818 | Snake:4  | Reached skill level 17 in Spellcasting
 46901 | Snake:4  | Reached skill level 10 in Armour
 47572 | Snake:4  | Got a serpentine rune of Zot
 47801 | Shoals:1 | Entered Level 1 of the Shoals
 47836 | Shoals:1 | Found a shimmering altar of Xom.
 48415 | Shoals:1 | Reached XP level 18. HP: 110/110 MP: 24/41
 49800 | Shoals:3 | Noticed Polyphemus
 51070 | Shoals:3 | Killed Polyphemus
 51159 | Shoals:4 | Entered Level 4 of the Shoals
 52114 | Shoals:4 | Identified the +0 cloak of the Armoured One {Regen+ Str+3}
                  | (You found it on level 4 of the Shoals)
 52487 | Shoals:4 | Reached skill level 18 in Spellcasting
 52692 | Shoals:4 | Identified the Reference Book on the Feathery Rocks
 52817 | Shoals:4 | Reached XP level 19. HP: 100/116 MP: 24/43
 53017 | Shoals:4 | Got a barnacled rune of Zot
 53369 | Elf:1    | Entered Level 1 of the Elven Halls
 53657 | Elf:1    | Identified the Grimoire of Combed Thunderclap
 53660 | Elf:1    | Reached skill level 15 in Conjurations
 54204 | Elf:1    | Identified the Tome of Dhcmrlchtdj
 54211 | Elf:1    | Identified Ragoam's Tome of Axaxaxas mlö
 54779 | Elf:1    | Identified Kikubaaqudgha's Guide on Stolen Souls
 54896 | Elf:2    | Noticed Donald
 54897 | Elf:2    | Killed Donald
 54943 | Elf:1    | Learned a level 4 spell: Iskenderun's Mystic Blast
 55362 | Elf:2    | Found a huge runed translucent gate.
 55363 | Elf:2    | Found a huge runed translucent gate.
 55363 | Elf:2    | Found a huge runed translucent gate.
 55364 | Elf:2    | Found a huge runed translucent gate.
 55364 | Elf:2    | Found a huge runed translucent gate.
 55635 | Elf:3    | Entered Level 3 of the Elven Halls
 55958 | Elf:3    | Found a shimmering blue altar of Sif Muna.
 56373 | Elf:3    | Identified the ring "Gaewyim" {rC++ Str+2 Int+4 Dex+6
                  | Slay+5}
 56376 | Elf:3    | Reached XP level 20. HP: 107/124 MP: 23/44
 56517 | Elf:3    | Identified the +10 long sword "Myossen" {pain, Str+5}
 56524 | Elf:3    | Identified the cursed +0 great sword of Duhae {holy, rPois}
 56530 | Elf:3    | Identified the +4 bardiche "Orb Guardian's Peril" {elec,
                  | Int+4}
 56565 | Elf:3    | Reached skill level 19 in Spellcasting
 56605 | Elf:3    | Identified the Incunabulum of the Four Hosts
 56642 | Elf:3    | Found the +8 trident of the Octopus King {venom, rElec
                  | rPois Will+}
 56667 | Elf:3    | Identified the +2 chain mail of Jigsaw {rF+} (You found it
                  | on level 3 of the Elven Halls)
 57207 | Elf:3    | Found Joypsyso's Jewellery Boutique.
 57207 | Elf:3    | Found Vowyshru's Gadget Emporium.
 57208 | Elf:3    | Found Liwk's Gadget Emporium.
 57532 | Vaults:1 | Entered Level 1 of the Vaults
 57722 | Vaults:1 | Found Nivamo's Assorted Antiques.
 58442 | D:15     | Bought a shadowed robe for 233 gold pieces
 58442 | D:15     | Identified the +2 robe of the Will of the Gods {rF- Int+2
                  | Dex+3} (You bought it in a shop on level 15 of the Dungeon)
 58481 | D:15     | Bought a faintly humming helmet for 342 gold pieces
 58481 | D:15     | Identified the +0 helmet of Istrirpharch {*Contam Rampage
                  | rPois rF+} (You bought it in a shop on level 15 of the
                  | Dungeon)
 59798 | Vaults:2 | Reached XP level 21. HP: 129/129 MP: 25/46
 59961 | Vaults:2 | Noticed Aizul
 59964 | Vaults:2 | Killed Aizul
 60051 | Vaults:2 | Identified the +3 leather armour of the Maze {rCorr Stlth+}
 60064 | Vaults:2 | Noticed Mara
 60086 | Vaults:2 | Killed Mara
 60918 | Vaults:2 | Found a staircase to the Crypt.
 61175 | Vaults:3 | Noticed Rupert
 61175 | Vaults:3 | Noticed Sojobo
 61180 | Vaults:3 | Killed Sojobo
 61181 | Vaults:3 | Killed Rupert
 61534 | Vaults:3 | Reached skill level 20 in Spellcasting
 61539 | Vaults:3 | Reached skill level 10 in Shields
 62217 | Vaults:3 | Found Xoskybre's Gadget Shop.
 62730 | Vaults:4 | Reached XP level 22. HP: 122/136 MP: 37/48
 62875 | Vaults:4 | Found Suiv's Book Shop.
 62887 | Vaults:4 | Learned a level 2 spell: Sublimation of Blood
 63058 | Vaults:4 | Reached skill level 1 in Necromancy
 64229 | Depths:1 | Entered Level 1 of the Depths
 64301 | Depths:1 | Noticed a caustic shrike
 64305 | Depths:1 | Killed a caustic shrike
 64308 | Depths:1 | Noticed a caustic shrike
 64313 | Depths:1 | Killed a caustic shrike
 64313 | Depths:1 | Noticed a caustic shrike
 64314 | Depths:1 | Killed a caustic shrike
 64315 | Depths:1 | Reached skill level 5 in Necromancy
 64480 | Depths:1 | Found a gateway to Hell.
 64657 | Depths:1 | You fall into a shaft and drop 1 floor!
 64898 | Depths:1 | Found a radiant altar of Vehumet.
 64910 | Depths:1 | Identified the cursed +1 robe "Viokkut" {Dex+2 SInv} (You
                  | found it on level 1 of the Depths)
 65193 | Depths:1 | Found Ymizusm's Elemental Accessories.
 65870 | Snake:3  | Bought a scroll of acquirement for 832 gold pieces
 66218 | Depths:2 | Noticed Asterion
 66220 | Depths:2 | Killed Asterion
 66229 | Depths:2 | Reached XP level 23. HP: 143/143 MP: 49/49
 66568 | Depths:2 | Found Suqexzoy's Antique Armour Boutique.
 66939 | Depths:2 | Got a scorched wooden ring
 66971 | Depths:2 | Identified the ring of Souv {rF+ rN++ Will+} (You found it
                  | on level 2 of the Depths)
 66989 | Depths:2 | Noticed a juggernaut
 66992 | Depths:2 | Killed a juggernaut
 67235 | Depths:3 | Reached skill level 15 in Fighting
 67244 | Depths:3 | Found a one-way gate leading to the halls of Pandemonium.
 67254 | Depths:3 | Reached skill level 21 in Spellcasting
 67776 | D:12     | You paid a toll of +3 gold dragon scales to enter a
                  | treasure trove
 67777 | Trove    | Entered a treasure trove
 68649 | Depths:3 | Found a glowing golden altar of the Shining One.
 68649 | Depths:3 | Found a glowing silver altar of Zin.
 68649 | Depths:3 | Found a white marble altar of Elyvilon.
 70148 | Depths:4 | Noticed Boris
 70167 | Depths:4 | Killed Boris
 70818 | Depths:4 | Found a runed translucent door.
 70821 | Depths:4 | Found a runed translucent door.
 70837 | Depths:4 | Found a runed translucent door.
 70850 | Depths:4 | Found a runed translucent door.
 70853 | Depths:4 | Reached XP level 24. HP: 80/152 MP: 17/50
 70979 | Depths:4 | Got a vibrating platinum ring
 70981 | Depths:4 | Got an ancient silver ring
 71054 | Depths:3 | Learned a level 7 spell: Malign Gateway
 71323 | Vaults:4 | Identified the ring of Cuaph {rCorr Stlth+} (You found it
                  | on level 4 of the Depths)
 71324 | Vaults:4 | Identified the ring of Paup {MP+9 Int+4 SInv} (You found it
                  | on level 4 of the Depths)
 71645 | Depths:5 | Entered Level 5 of the Depths
 71837 | Depths:5 | Reached skill level 1 in Summonings
 71837 | Depths:5 | Reached skill level 1 in Translocations
 71851 | Depths:5 | Found a gateway to a ziggurat.
 72145 | Depths:5 | Got an ancient silver ring
 72148 | Depths:5 | Identified the ring "Apoem" {rPois rC+ SInv} (You found it
                  | on level 5 of the Depths)
 72250 | Depths:5 | Noticed a juggernaut
 72255 | Depths:5 | Killed a juggernaut
 72370 | Depths:5 | Found Tutta's Changing Room.
 72406 | Depths:5 | Learned a level 7 spell: Dragon Form
 72407 | Depths:5 | Bought a book of Transfigurations for 660 gold pieces
 73074 | Depths:5 | Reached skill level 5 in Summonings
 73567 | Depths:5 | Found a gate to the Realm of Zot.
 73667 | Depths:5 | Learned a level 6 spell: Iron Shot
 73991 | Vaults:4 | Reached XP level 25. HP: 157/157 MP: 50/50
 73993 | Vaults:5 | Entered Level 5 of the Vaults
 73998 | Vaults:5 | Reached skill level 1 in Polearms
 73998 | Vaults:5 | Reached skill level 22 in Spellcasting
 73998 | Vaults:5 | Noticed an ancient lich
 74004 | Vaults:5 | Killed an ancient lich
 74233 | Vaults:5 | Noticed an ancient lich
 74243 | Vaults:5 | Killed an ancient lich
 74244 | Vaults:5 | Reached XP level 26. HP: 119/164 MP: 41/51
 74245 | Vaults:5 | Reached skill level 10 in Summonings
 74956 | Vaults:5 | Reached skill level 5 in Polearms
 75112 | Vaults:5 | Identified the +10 whip of Theory {drain, +Fly Str+3}
 75247 | Vaults:5 | Identified Wenosus's Grimoire of the Glacier and Fire
 75267 | Vaults:5 | Identified the amulet "Qiofeps" {Spirit rC- MP+9 SInv}
 75483 | Vaults:5 | Got a silver rune of Zot
 75485 | Vaults:5 | Identified the +8 dagger "Jenuit" {drain, Will+ Str+3
                  | Int-3} (You found it on level 5 of the Vaults)
 75604 | Vaults:5 | Identified the +6 flail of Forced Transition {drain, +Inv}
 75609 | Vaults:5 | Identified the +0 long sword "Poxo" {drain, Str+2} (You
                  | found it on level 5 of the Vaults)
 76118 | Vaults:5 | Learned a level 7 spell: Orb of Destruction
 76876 | Zot:1    | Entered Level 1 of the Realm of Zot
 77356 | Zot:1    | Noticed an orb of fire
 77359 | Zot:1    | Gained mutation: Armour fits poorly on your strangely
                  | shaped body. [an orb of fire]
 77366 | Zot:1    | Killed an orb of fire
 77411 | Zot:1    | Lost mutation: Armour fits poorly on your strangely shaped
                  | body. [potion of mutation]
 77411 | Zot:1    | Gained mutation: You are partially covered in rugged brown
                  | scales. (AC +1, +3% HP) [potion of mutation]
 77411 | Zot:1    | Gained mutation: You expend magic power (3 MP) to
                  | strengthen your wands. [potion of mutation]
 80905 | Zot:2    | Found a transporter.
 80908 | Zot:2    | Noticed Wiorrypn's ghost (legendary DsFi)
 80915 | Zot:2    | Noticed an ancient lich
 80943 | Zot:2    | Found a transporter.
 81264 | Zot:2    | Reached XP level 27. HP: 177/177 MP: 37/51
 81268 | Zot:2    | Reached skill level 23 in Spellcasting
 83775 | Zot:3    | Got a heavily runed lead ring
 83776 | Zot:3    | Identified the ring "Comothiot" {rElec Int+6 Dex-4 Stlth+}
                  | (You found it on level 3 of the Realm of Zot)
 85049 | Zot:4    | Identified the +10 short sword of Ash {venom, Will++ Int+4
                  | Dex-2} (You found it on level 4 of the Realm of Zot)
 85816 | Zot:4    | Acquired the +7 Spriggan's Knife {stab, EV+4 Stlth+}
 85817 | Zot:4    | Found the +7 Spriggan's Knife {stab, EV+4 Stlth+}
 86664 | Slime:1  | Entered Level 1 of the Pits of Slime
 87635 | Slime:5  | Entered Level 5 of the Pits of Slime
 88078 | Slime:5  | Reached skill level 15 in Shields
 89078 | Slime:5  | Noticed the Royal Jelly
 89082 | Slime:5  | Paralysed by a floating eye for 4 turns
 89091 | Slime:5  | Killed the Royal Jelly
 89258 | Slime:5  | Reached skill level 24 in Spellcasting
 89533 | Slime:5  | Got a bound golden amulet
 89572 | Slime:5  | Got a slimy rune of Zot
 89574 | Slime:5  | Got a steaming bronze ring
 89575 | Slime:5  | Identified the amulet "Ajuis" {Faith Will+ Str+4 Int+4}
                  | (You found it on level 5 of the Pits of Slime)
 89576 | Slime:5  | Identified the ring "Demmeecu" {rPois Int+2 Stlth+} (You
                  | found it on level 5 of the Pits of Slime)
 90530 | Depths:1 | Voluntarily entered the Abyss.
 90645 | Abyss:3  | Paralysed by accursed screaming for 1 turns
 90650 | Abyss:3  | Paralysed by accursed screaming for 1 turns
 90673 | Abyss:3  | Gained mutation: You are weak. (Str -2) [a neqoxec]
 90816 | Abyss:3  | Gained mutation: You are dopey. (Int -2) [a neqoxec]
 90818 | Abyss:3  | Lost mutation: You expend magic power (3 MP) to strengthen
                  | your wands. [potion of mutation]
 90818 | Abyss:3  | Lost mutation: You are partially covered in rugged brown
                  | scales. (AC +1, +3% HP) [potion of mutation]
 90818 | Abyss:3  | Lost mutation: You are weak. (Str -2) [potion of mutation]
 90818 | Abyss:3  | Lost mutation: You are dopey. (Int -2) [potion of mutation]
 90818 | Abyss:3  | Gained mutation: You are partially covered in molten
                  | scales. (AC +2) [potion of mutation]
 90818 | Abyss:3  | Gained mutation: Your mind is acute. (Int +2) [potion of
                  | mutation]
 90818 | Abyss:3  | Gained mutation: You expend magic power (3 MP) to
                  | strengthen your wands. [potion of mutation]
 90818 | Abyss:3  | Gained mutation: You have a pair of small antennae on your
                  | head. [potion of mutation]
 91543 | Abyss:3  | Found a basalt altar of Yredelemnul.
 91699 | Depths:1 | Escaped the Abyss
 92104 | Depths:1 | Voluntarily entered the Abyss.
 92538 | Abyss:2  | Found a runed translucent door.
 92634 | Abyss:2  | Reached skill level 10 in Polearms
 92796 | Abyss:2  | Found a corrupted altar of Lugonu.
 92826 | Abyss:2  | Found a corrupted altar of Lugonu.
 92829 | Abyss:2  | Found a corrupted altar of Lugonu.
 93074 | Abyss:3  | Found a corrupted altar of Lugonu.
 93180 | Abyss:3  | Got an abyssal rune of Zot
 93436 | Abyss:3  | Found a corrupted altar of Lugonu.
 93828 | Depths:1 | Escaped the Abyss
 95196 | Zot:5    | Entered Level 5 of the Realm of Zot
 95372 | Zot:5    | Found a runed translucent gate.
 95376 | Zot:5    | Found a runed translucent gate.
 95376 | Zot:5    | Found an ancient bone altar of Kikubaaqudgha.
 95376 | Zot:5    | Found a runed translucent gate.
 95376 | Zot:5    | Noticed Amaterasu's ghost (legendary GrFi)
 95376 | Zot:5    | Noticed Jaiteiro's ghost (master MiGl)
 95376 | Zot:5    | Noticed Raspi's ghost (legendary MiFi)
 95377 | Zot:5    | Noticed an ancient lich
 95377 | Zot:5    | Noticed an ancient lich
 95707 | Zot:5    | Killed an ancient lich
 95708 | Zot:5    | Killed an ancient lich
 95709 | Zot:5    | Killed Amaterasu's ghost
 95730 | Zot:5    | Killed Jaiteiro's ghost
 95753 | Zot:5    | Killed Raspi's ghost
 95902 | Zot:5    | Got a pitted tin ring
 95903 | Zot:5    | Identified the ring of Symmetry {EV+4 Int+4 Slay-4} (You
                  | found it on level 5 of the Realm of Zot)
 95911 | Zot:5    | Identified Kikubaaqudgha's Guide on Sinister Secrets
 95919 | Zot:5    | Identified the +1 cloak of Carved Fun {rPois Str+5 Dex+4}
                  | (You found it on level 5 of the Realm of Zot)
 96652 | Zot:5    | Noticed an orb of fire
 96658 | Zot:5    | Gained mutation: You do not regenerate when monsters are
                  | visible. [an orb of fire]
 96659 | Zot:5    | Gained mutation: You are clumsy. (Dex -2) [an orb of fire]
 96660 | Zot:5    | Killed an orb of fire
 96882 | Zot:5    | Reached skill level 25 in Spellcasting
 97024 | Zot:5    | Noticed an ancient lich
 97233 | Zot:4    | Lost mutation: Your mind is acute. (Int +2) [potion of
                  | mutation]
 97233 | Zot:4    | Lost mutation: You are partially covered in molten scales.
                  | (AC +2) [potion of mutation]
 97233 | Zot:4    | Gained mutation: You are dopey. (Int -2) [potion of
                  | mutation]
 97233 | Zot:4    | Gained mutation: Scrolls take you a little longer to read.
                  | [potion of mutation]
 97233 | Zot:4    | Gained mutation: You are frail. (-10% HP) [potion of
                  | mutation]
 97233 | Zot:4    | Gained mutation: You possess an exceptional clarity of
                  | mind. [potion of mutation]
 97234 | Zot:4    | Lost mutation: You are dopey. (Int -2) [potion of mutation]
 97234 | Zot:4    | Lost mutation: You are clumsy. (Dex -2) [potion of
                  | mutation]
 97234 | Zot:4    | Gained mutation: You are partially covered in large bone
                  | plates. (SH +4) [potion of mutation]
 97234 | Zot:4    | Lost mutation: Scrolls take you a little longer to read.
                  | [potion of mutation]
 98256 | Zot:5    | Killed an ancient lich
 98664 | Zot:5    | Noticed an orb of fire
 98673 | Zot:5    | Killed an orb of fire
 98681 | Zot:5    | Noticed an orb of fire
 98686 | Zot:5    | Gained mutation: You are very frail. (-20% HP) [an orb of
                  | fire]
 98689 | Zot:5    | Killed an orb of fire
 99046 | Zot:5    | Noticed an orb of fire
 99052 | Zot:5    | Killed an orb of fire
 99627 | Zot:5    | Noticed an orb of fire
 99634 | Zot:5    | Gained mutation: Scrolls take you a little longer to read.
                  | [an orb of fire]
 99636 | Zot:5    | Gained mutation: Your magical capacity is low. (-10% MP)
                  | [an orb of fire]
 99649 | Zot:5    | Killed an orb of fire
 99784 | Zot:5    | Noticed an orb of fire
 99792 | Zot:5    | Killed an orb of fire
 99966 | Zot:5    | Noticed an orb of fire
 99972 | Zot:5    | Lost mutation: You do not regenerate when monsters are
                  | visible. [an orb of fire]
 99972 | Zot:5    | Killed an orb of fire
100125 | Zot:5    | Lost mutation: You are very frail. (-20% HP) [potion of
                  | mutation]
100125 | Zot:5    | Lost mutation: Scrolls take you a little longer to read.
                  | [potion of mutation]
100125 | Zot:5    | Lost mutation: You expend magic power (3 MP) to strengthen
                  | your wands. [potion of mutation]
100125 | Zot:5    | Lost mutation: You have a pair of small antennae on your
                  | head. [potion of mutation]
100125 | Zot:5    | Gained mutation: Your movements are slightly less
                  | encumbered by armour. (ER -2) [potion of mutation]
100125 | Zot:5    | Gained mutation: Your muscles are strong. (Str +2) [potion
                  | of mutation]
100362 | Zot:5    | Noticed an orb of fire
100364 | Zot:5    | Gained mutation: You are clumsy. (Dex -2) [an orb of fire]
100366 | Zot:5    | Killed an orb of fire
100484 | Zot:5    | Noticed an orb of fire
100489 | Zot:5    | Killed an orb of fire
100741 | Zot:5    | Noticed an orb of fire
100748 | Zot:5    | Gained mutation: You are very clumsy. (Dex -4) [an orb of
                  | fire]
100751 | Zot:5    | Killed an orb of fire
100879 | Zot:5    | Noticed an orb of fire
100882 | Zot:5    | Gained mutation: You are dopey. (Int -2) [an orb of fire]
100884 | Zot:5    | Killed an orb of fire
101004 | Zot:5    | Noticed an orb of fire
101009 | Zot:5    | Killed an orb of fire
101016 | Zot:5    | Noticed an ancient lich
101029 | Zot:5    | Noticed an ancient lich
101215 | Zot:5    | Noticed an ancient lich
101223 | Zot:5    | Killed an ancient lich
101563 | Zot:5    | Killed an ancient lich
101931 | Zot:5    | Killed an ancient lich
101932 | Zot:5    | Reached skill level 26 in Spellcasting
102743 | Zot:5    | Got the Orb of Zot
102802 | Zot:3    | Noticed Boris
102972 | Depths:5 | Noticed Ecufiq the pandemonium lord
102972 | Depths:5 | Noticed an ancient lich
103500 | D:1      | Lost mutation: Your muscles are strong. (Str +2) [potion of
                  | mutation]
103500 | D:1      | Lost mutation: You possess an exceptional clarity of mind.
                  | [potion of mutation]
103500 | D:1      | Lost mutation: Your magical capacity is low. (-10% MP)
                  | [potion of mutation]
103500 | D:1      | Gained mutation: Scrolls take you a little longer to read.
                  | [potion of mutation]
103500 | D:1      | Gained mutation: Your natural rate of healing is unusually
                  | fast. [potion of mutation]
103500 | D:1      | Gained mutation: Your flesh is heat resistant. (rF+)
                  | [potion of mutation]
103501 | D:1      | Lost mutation: You are dopey. (Int -2) [potion of mutation]
103501 | D:1      | Lost mutation: You are partially covered in large bone
                  | plates. (SH +4) [potion of mutation]
103501 | D:1      | Lost mutation: Scrolls take you a little longer to read.
                  | [potion of mutation]
103501 | D:1      | Gained mutation: You are partially covered in thin metallic
                  | scales. (AC +2) [potion of mutation]
103502 | D:1      | Lost mutation: You are frail. (-10% HP) [potion of
                  | mutation]
103502 | D:1      | Lost mutation: Your natural rate of healing is unusually
                  | fast. [potion of mutation]
103502 | D:1      | Gained mutation: Your magical capacity is low. (-10% MP)
                  | [potion of mutation]
103502 | D:1      | Gained mutation: You are partially covered in large bone
                  | plates. (SH +4) [potion of mutation]
103504 | D:$      | Escaped with the Orb!

Illustrated notes

Levels and vault maps discovered:
D:1:      psy_arrival_fountain, layout_rooms, minmay_shallow_snake_nest
D:2:      layout_basic, overflow_temple_1_default, serial_co_window_serial,
          co_window_corner_a, co_window_of_opportunity_a, co_window_paths_a,
          co_window_corner_a, co_window_paths_a, co_window_of_opportunity_a,
          co_window_cross_1, co_window_cross_1, co_window_paths_b,
          co_window_broadway_b, co_window_2corner, co_window_unsneaky_path_b,
          co_window_corner_b, co_window_cross_2, co_window_corner_b,
          glass_columns_a, glass_columns_b, glass_columns_a, st_stairs_7
D:3:      layout_basic, nemelex_xobeh_ov_fountains_minmay, minmay_box_of_dots
D:4:      layout_layer_cave, grunt_temple_overflow_magic_moments,
          lemuel_doored_altar
D:5:      minmay_diamond_boxcup, layout_cave_pods, general_overflow_altar,
          kennysheep_mini_moat, lemuel_crystal_altar, uniq_blork_the_orc,
          uniq_pikel
D:6:      cheibrodos_iron_armory, layout_rooms, slow_altar_2, temple_pool_b,
          portal_sewer_entry_f, gammafunk_ghost_cemetery, uniq_grinder,
          uniq_sigmund
D:7:      layout_rooms, lemuel_mausoleum_altar_yredelemnul, marbit_many_paths,
          gammafunk_ghost_wrathful_warriors, uniq_crazy_yiuf_cottage
D:8:      layout_basic, serial_shops, kennysheep_little_box, shop,
          chequers_decorated_corner
D:9:      minmay_cut_squares, layout_basic, minmay_orc_entry_temple_large,
          serial_rivers, chequers_serial_rivers_marsh,
          chequers_serial_rivers_micro_b, chequers_serial_rivers_micro_c,
          chequers_serial_rivers_room_a
D:10:     layout_basic, dpeg_lair_monsters, minmay_holes,
          evilmike_ruin_ashenzari, uniq_urug, uniq_josephine
D:11:     layout_roguey
D:12:     layout_loops_ring, nicolae_trove_entry_isolated
D:13:     layout_long_grid, david_vaults_1,
          portal_ice_cave_entry_animals_and_master
D:14:     layout_loops_ring, chequers_garden, minmay_circle_x, uniq_snorg,
          uniq_louise
D:15:     gammafunk_depths_entry_grave, layout_cave_pools,
          gauntlet_entry_generic, serial_shops, nicolae_shop_waterfront,
          nicolae_shop_waterfront, nicolae_shop_temple_entry_statues_fountains,
          nrook_campfire, hangedman_decor_lopped, uniq_nessos, uniq_roxanne
Temple:   chequers_temple_sunken
Lair:1:   layout_roguey, grunt_megastairs_5
Lair:2:   wad_woods_stonehenge, layout_hall_layers,
          minmay_shoals_entry_centaurs, beast_lair_carwin_11,
          infiniplex_staircase_pool_2, lemuel_fruit_fields
Lair:3:   layout_gridlike
Lair:4:   layout_cave_pods, guppyfry_snake_entry_garden, uniq_nergalle
Lair:5:   layout_misc_corridors, dpeg_slime_entry_corner, st_stairs_8
Lair:6:   evilmike_catoblepas_cave, layout_regular_city,
          kennysheep_abandoned_house
Shoals:1: layout_shoals, lemuel_oklob_altar
Shoals:2: layout_shoals
Shoals:3: cheibrodos_shoals_epimethial_gifts, layout_shoals, uniq_polyphemus
Shoals:4: shoals_end_simple, layout_shoals
Snake:1:  hangedman_cross_stitches, layout_misc_corridors, grunt_megastairs_3
Snake:2:  layout_rooms, gammafunk_ghost_abyssal_escape
Snake:3:  layout_grid_maze, serial_shops, shop
Snake:4:  johnstein_snake_rune_scales, layout_cave_town
Slime:1:  layout_caves
Slime:2:  layout_caves
Slime:3:  layout_caves
Slime:4:  layout_caves
Slime:5
Orc:1:    layout_caves, mines2_david, uniq_fannar, uniq_maurice
Orc:2:    grunt_orc_community_town_hall, layout_caves,
          grunt_orc_community_big_house_1, grunt_orc_community_big_house_1,
          grunt_orc_community_house_3, grunt_orc_community_house_1,
          grunt_orc_community_house_2, grunt_orc_community_house_2,
          grunt_orc_community_house_3, grunt_orc_community_house_2
Elf:1:    elf_arrival_001, layout_loops_corners, minmay_elf_necromancy,
          drop_trap, small_chamber_with_monster, bh_hangedman_babel_library
Elf:2:    layout_loops_ring, drop_trap, uniq_donald, uniq_jorgrun
Elf:3:    minmay_elf_hall_x, layout_gridlike, serial_glass, glass_columns_b,
          glass_columns_a, special_room [special_room_mythical_zoo],
          lemuel_blue_sif_altar, roderic_lattice_octagonal_star,
          minmay_shop_grove
Vaults:1: v_misc_26, nicolae_vaults_little_squares_6, vaults_dpeg_spiral,
          hangedman_vaults_snaps, vaults_room_octagon,
          nicolae_vaults_little_squares_1, vaults_room_octagon,
          nicolae_vaults_network_star, vaults_standard_mumra_x, v_rooms_5,
          v_pattern_1, layout_vaults_omnibox, serial_shops, shop
Vaults:2: ontoclasm_vaults_spin, nicolae_vaults_little_squares_2,
          grunt_vaults_focal, ontoclasm_vaults_ring_square, v_misc_28, v_misc_1,
          hangedman_vaults_pinch, nicolae_vaults_windows_and_doors_thing,
          nicolae_vaults_big_ls, nicolae_vaults_little_squares_5,
          nicolae_vaults_rhombus_6, minmay_crypt_entry_skeletal_spiral,
          st_smaller_cells, ontoclasm_vaults_decontamination,
          layout_vaults_big_cross, uniq_mara, uniq_aizul
Vaults:3: v_misc_14, nicolae_vaults_ninety_degrees, v_misc_16,
          vaults_room_door_hall, nicolae_vaults_diagonal_hallway_9,
          sword_in_stone, layout_vaults_omnigrid, serial_shops, shop
Vaults:4: nicolae_vaults_network_periphery, nicolae_vaults_stairing_the_circle,
          grunt_vaults_diagonal, hangedman_vaults_maws, st_lattice,
          ontoclasm_vaults_ring_large, ontoclasm_vaults_ring_large,
          hangedman_vaults_capsules, vaults_room_fours, vaults_room_fours,
          layout_vaults_ring, serial_shops, nicolae_shop_waterfront
Vaults:5: serial_shops
Depths:1: layout_honeycomb, abyss_entry, nicolae_wwwww, hellmouth_3,
          nicolae_elemental_shop, minmay_fountain_box, grunt_decor_mini_mirrors,
          grunt_tower_of_power
Depths:2: minmay_the_grid_octo_2x2 [minmay_the_grid_octo_empty,
          minmay_the_grid_octo_chip, minmay_the_grid_octo_tetromino_candy,
          minmay_the_grid_octo_prize_square_snowflake], layout_cross,
          hell_entry, serial_shops, nicolae_shop_trees,
          minmay_stone_trees_medium, infiniplex_staircase_spiral_double,
          uniq_asterion
Depths:3: minmay_dotted_concentric_squares, layout_gridlike, hell_entry,
          rand_demon_pan_entry_3, dk_noncrumbling_2, hallowed_hall
Depths:4: impenetrable_vault, layout_gridville, abyss_entry, grunt_hell_horde,
          hex_tiny, minmay_misc_feat_nine_boxes,
          minmay_staircase_windowed_small, grunt_megastairs_4,
          serial_bayou_shore_b, uniq_boris
Depths:5: evilmike_zot_entry_gauntlet, layout_gridlike, enter_ziggurat_f,
          abyss_entry_small_statue_room, pf_coc_iceberg, grunt_decor_arrowhead,
          nicolae_transmutations_shop, minmay_fire_ice_demons
Zot:1:    grunt_zot_stairs_overgrown, layout_twisted_circle
Zot:2:    layout_onion_interference, gammafunk_ghost_abyssal_escape,
          hangedman_zot_decor_tridents
Zot:3:    layout_concentric_octagons, kennysheep_underground_church,
          lemuel_elevator
Zot:4:    layout_onion, zot_minivault_1
Zot:5:    layout_misc_corridors, gammafunk_ghost_crypt, grunt_ministairs_14

Skill      XL: |  1  2  3  4  5  6  7  8  9 10 11 12 13 14 15 16 17 18 19 20 21 22 23 24 25 26 27 |
---------------+----------------------------------------------------------------------------------+-----
Conjurations   | 2 3 4 5 7 8 9 10 11 12 13 14 16 17 18 19 20 23 | 23.4
Air Magic      | 4 5 6 7 9 10 11 12 13 15 16 17 18 19 20 21 22 24 | 24.6
Spellcasting   | 4 5 7 8 9 10 11 12 13 14 15 16 17 18 19 20 21 22 26 | 26.2
Fighting       | 2 3 4 5 6 7 8 9 10 11 12 13 14 15 16 17 20 | 20.5
Shields        | 2 4 5 7 8 9 10 11 13 15 | 15.0
Armour         | 1 3 5 6 7 8 10 | 10.1
Dodging        | 4 5 6 7 9 |  9.6
Ice Magic      | 2 |  2.4
Necromancy     | 5 |  5.0
Summonings     | 8 9 10 | 10.5
Translocations | 2 |  2.4
Polearms       | 3 6 10 | 10.5
Staves         | |  0.4
Stealth        | |  2.4
Transmutations | |  0.8

Action                   |  1- 3 |  4- 6 |  7- 9 | 10-12 | 13-15 | 16-18 | 19-21 | 22-24 | 25-27 || total
-------------------------+-------+-------+-------+-------+-------+-------+-------+-------+-------++-------
Melee: Dagger            |    20 |     1 |       |       |       |       |       |       |       ||    21
       Staff             |       |     1 |   140 |   115 |   176 |   204 |   176 |    84 |    73 ||   969
       Trident           |       |       |       |       |       |       |       |       |  1339 ||  1339
Throw: Dart              |    13 |       |       |       |       |       |       |       |       ||    13
 Cast: Shock             |    68 |   105 |   220 |    45 |     1 |       |       |       |       ||   439
       Static Discharge  |       |     3 |    10 |     6 |       |       |       |       |       ||    19
       Airstrike         |       |     8 |    71 |   292 |   673 |   635 |   170 |   103 |   182 ||  2134
       Lightning Bolt    |       |       |       |    22 |   138 |    59 |       |       |       ||   219
       Swiftness         |       |       |       |     4 |     5 |     8 |       |       |     3 ||    20
       Conjure Ball Ligh |       |       |       |       |    24 |    34 |     2 |       |       ||    60
       Chain Lightning   |       |       |       |       |       |    98 |   271 |   227 |   244 ||   840
       Fireball          |       |       |       |       |       |     4 |       |       |       ||     4
       Freezing Cloud    |       |       |       |       |       |    44 |     5 |     4 |    13 ||    66
       Apportation       |       |       |       |       |       |     1 |       |       |       ||     1
       Iskenderun's Myst |       |       |       |       |       |       |     7 |    10 |    21 ||    38
       Tornado           |       |       |       |       |       |       |     1 |    14 |    25 ||    40
       Sublimation of Bl |       |       |       |       |       |       |       |     6 |       ||     6
       Iron Shot         |       |       |       |       |       |       |       |       |    24 ||    24
       Orb of Destructio |       |       |       |       |       |       |       |       |   238 ||   238
 Abil: Evoke Blink       |       |       |       |       |       |       |       |       |     1 ||     1
Evoke: Wand              |       |       |     3 |     1 |     6 |     7 |     2 |     1 |    22 ||    42
       Phial of floods   |       |       |       |     1 |       |       |       |       |       ||     1
       Tin of tremorston |       |       |       |       |       |       |       |     1 |       ||     1
  Use: Scroll            |     3 |     4 |     8 |     9 |    12 |    25 |     6 |    20 |    41 ||   128
       Potion            |       |       |       |     1 |     7 |     2 |       |     7 |    32 ||    49
 Stab: Sleeping          |       |       |     1 |       |       |       |       |       |       ||     1
       Distracted        |       |       |       |       |       |       |       |       |     1 ||     1
Armor: Robe              |     6 |     5 |    39 |    11 |       |       |       |       |       ||    61
       Ring mail         |       |       |       |    29 |    88 |    78 |       |       |       ||   195
       Quicksilver drago |       |       |       |       |       |   205 |   253 |   226 |   103 ||   787
       Pearl dragon scal |       |       |       |       |       |       |       |       |   736 ||   736
Dodge: Dodged            |    23 |    10 |   148 |   169 |   189 |   213 |   104 |    74 |   608 ||  1538
Block: Buckler           |       |       |       |    44 |    84 |   128 |    59 |    16 |       ||   331
       Kite shield       |       |       |       |       |     3 |    14 |       |    82 |  1262 ||  1361
       Reflection        |       |       |       |       |     3 |    37 |    16 |    15 |    26 ||    97
